 Dungeon Crawl Stone Soup version 0.20-a0-296-gf222164 (webtiles) character file.

143669 nubinia the Sorcerer (level 16, -6/81 HPs)
             Began as a Deep Elf Conjurer on Dec 12, 2016.
             Was the Champion of Sif Muna.
             Shot with a bolt by Vashnia (30 damage)
             ... on level 4 of the Snake Pit on Dec 14, 2016.
             The game lasted 04:16:51 (44467 turns).

nubinia the Sorcerer (Deep Elf Conjurer)           Turns: 44467, Time: 04:16:52

Health: -6/81      AC: 14    Str:  5    XL:     16   Next: 83%
Magic:  41/47      EV: 18    Int: 30    God:    Sif Muna [******]
Gold:   618        SH:  4    Dex: 16    Spells: 4/65 levels left

rFire  . . .     SeeInvis .     J - +9 short sword (protect)
rCold  + . .     Gourm    .     v - +2 leather armour {rPois}
rNeg   + . .     Faith    +     W - +0 buckler
rPois  +         Spirit   .     A - +2 helmet {Int+3}
rElec  +         Reflect  .     d - +2 cloak {rC+}
rCorr  .         Harm     .     S - +1 pair of gloves
MR     ++...                    L - +0 pair of boots
Stlth  +++.......               C - amulet of faith (curse)
                                R - ring "Poan" {Wiz rElec rN+ MR+}
                                q - +4 ring of evasion

@: lethally poisoned (-6 -> -8), divine energy
A: no striking features
a: Stop Divine Energy, Channel Magic, Forget Spell, Renounce Religion


You were on level 4 of the Snake Pit.
You worshipped Sif Muna.
Sif Muna was exalted by your worship.
You were hungry.

You visited 6 branches of the dungeon, and saw 28 of its levels.
You also visited: Ice Cave.

You collected 3044 gold pieces.
You spent 2426 gold pieces at shops.

Inventory:

Hand Weapons
 a - a +2 dagger of electrocution
 t - the +10 hand axe "Hell-Harrower" {speed, rC+ rN++}
   (You bought it in a shop on level 2 of the Orcish Mines)

   Attacks with this weapon are significantly faster.
   It protects you from cold.
   It greatly protects you from negative energy.
 J - a +9 short sword of protection (weapon)
 O - the +3 spear "Perrim" {venom, rElec}
   (You found it on level 5 of the Lair of Beasts)

   It poisons the flesh of those it strikes.
   It insulates you from electricity.
Armour
 d - a +2 cloak of cold resistance (worn)
 e - the +2 hat "Rilet" {rF- rN++ Int+3}
   (You found it in an ice cave)

   It affects your intelligence (+3).
   It makes you vulnerable to fire.
   It greatly protects you from negative energy.
 v - a +2 leather armour of poison resistance (worn)
 A - a +2 helmet of intelligence (worn)
 L - a +0 pair of boots (worn)
 S - a +1 pair of gloves (worn)
 W - a +0 buckler (worn)
Jewellery
 f - an uncursed ring of flight
 q - a +4 ring of evasion (left hand)
 u - an uncursed ring of protection from cold
 w - an uncursed ring of magical power
 C - a cursed amulet of faith (around neck)
 K - an uncursed ring of protection from cold
 P - an uncursed ring of protection from magic
 R - the ring "Poan" (right hand) {Wiz rElec rN+ MR+}
   (You found it on level 1 of the Swamp)

   [ring of wizardry]

   It improves your spell success rate.
   It insulates you from electricity.
   It protects you from negative energy.
   It affects your resistance to hostile enchantments.
 U - an uncursed ring of see invisible
 Y - a +4 ring of evasion
Wands
 p - a wand of lightning (11/15)
 x - a wand of disintegration (12/24)
 D - a wand of digging (5/24)
 F - a wand of lightning (8/15)
 M - a wand of hasting (6/9)
Scrolls
 g - 3 scrolls of blinking
 h - a scroll of holy word
 k - 3 scrolls of magic mapping
 n - 2 scrolls of teleportation
 y - 2 scrolls of amnesia
 B - a scroll of fog
 E - 17 scrolls of remove curse
 I - 3 scrolls of enchant armour
Potions
 j - 4 potions of curing
 l - 3 potions of haste
 m - a potion of cancellation
 r - a potion of magic
 z - 6 potions of might
 G - 6 potions of heal wounds
 H - 2 potions of brilliance
 N - 3 potions of flight
 Q - 4 potions of agility
 T - a potion of invisibility
 X - a potion of resistance
Books
 o - a book of Death

   Spells                             Type                      Level
   a - Corpse Rot                     Necromancy                   2
   b - Sublimation of Blood           Necromancy                   2
   c - Agony                          Necromancy                   5
   d - Dispel Undead                  Necromancy                   5
   e - Excruciating Wounds            Charms/Necromancy            5
   f - Bolt of Draining               Conjuration/Necromancy       5
 V - Sif Muna's Incunabulum of Confrontation
   (Sif Muna gifted it to you on level 3 of the Snake Pit)

   Spells                             Type                      Level
   a - Fulminant Prism                Conjuration/Hexes            4
   b - Iskenderun's Mystic Blast      Conjuration                  4
   c - Lightning Bolt                 Conjuration/Air              5
   d - Bolt of Cold                   Conjuration/Ice              6
Miscellaneous
 b - a sack of spiders
 s - a phantom mirror
 Z - a lamp of fire
Comestibles
 i - 14 fruits


   Skills:
 + Level 2.3 Fighting
 + Level 1.8 Short Blades
 + Level 0.5 Axes
 + Level 1.7 Throwing
 + Level 2.8 Armour
 + Level 5.8 Dodging
 + Level 7.3 Stealth
 + Level 1.3 Shields
 * Level 25.0 Spellcasting
 * Level 20.2 Conjurations
 - Level 0.4 Earth Magic
 + Level 1.5 Invocations
 + Level 0.4 Evocations


You had 4 spell levels left.
You knew the following spells:

 Your Spells              Type           Power        Failure   Level  Hunger
a - Magic Dart            Conj           ####         0%          1    None
b - Iskenderun's Mystic   Conj           ########     0%          4    None
c - Bolt of Draining      Conj/Necr      #######...   1%          5    None
d - Dazzling Spray        Conj/Hex       ######       1%          3    None
e - Orb of Destruction    Conj           ########..   1%          7    None
f - Force Lance           Conj/Tloc      #######.     1%          4    None
g - Shroud of Golubria    Chrm/Tloc      #####.....   1%          2    None
h - Fireball              Conj/Fire      #######...   1%          5    None
i - Iskenderun's Battles  Conj/Chrm      #######.     1%          5    None
j - Lightning Bolt        Conj/Air       #######...   1%          5    None
k - Sticky Flame          Conj/Fire      #######.     1%          4    None
l - Lee's Rapid Deconstr  Erth           #####.....   17%         5    None
m - Blink                 Tloc           N/A          1%          2    None
r - Repel Missiles        Chrm/Air       #####.       1%          2    None
D - Animate Dead          Necr           N/A          9%          4    None
R - Regeneration          Chrm/Necr      #####.....   2%          3    None


Dungeon Overview and Level Annotations

Branches:
Dungeon (12/15)            Temple (1/1) D:6            Lair (6/6) D:11
  Swamp (3/4) Lair:3        Snake (4/4) Lair:2        Slime (0/5) Lair:6
    Orc (2/2) D:12            Elf (0/3) Orc:2

Altars:
Ashenzari
Cheibriados
Elyvilon
Gozag
Kikubaaqudgha
Okawaru
Ru
Sif Muna
Uskayaw
Vehumet
Yredelemnul
Zin
The Shining One
Beogh
Jiyva

Shops:
D:4 ?   D:5 *   D:8 (   D:11 [   Orc:2 :[!*(

Annotations:
Lair:5 exclusion: oklob plant
Snake:4 Vashnia


Message History

Vashnia shoots a bolt.
The bolt hits you. The bolt freezes you.
Your naga zombie barely misses the guardian serpent.
Your naga zombie grabs the guardian serpent.
Your naga zombie constricts the guardian serpent.
You feel sick.
The guardian serpent hits your naga zombie!
The naga warrior spits poison at you. The splash of poison misses you.
The naga sharpshooter shoots an arrow.
The arrow hits you!
The guardian serpent hits your naga zombie!!
Vashnia gestures wildly while chanting.
The naga warrior blinks!
You see here an arrow.
You are feeling hungry.
The naga sharpshooter mumbles some strange words.
The naga sharpshooter magically shoots an arrow.
The arrow hits you!
* * * LOW HITPOINT WARNING * * *
Vashnia shoots a bolt.
The bolt hits you!!
You die...

##### #...# #######
##N.N###(....# ##.
###........N...#....
#...........(..=....
#.(.......(.ZN.N...
##......((*(ZS.....
#...N###(#####....
#.N..+..@....####.
##....#..........#
##.....#.........##
##...)..##...#######
#.......#...##.....###
##.<....#.#..........##
##......##...#####...##
#..........## ###..#
#.........## #..##


You could see Vashnia, a naga sharpshooter and a friendly battlesphere.

Vanquished Creatures
  2 Ice Fiends (IceCv)
  Rupert (Orc:2)
  2 thorn hunters (Swamp:3)
  A nagaraja (Snake:2)
  Roxanne (Snake:2)
  Erolcha (D:9)
  5 ghost crabs
  The ghost of tsouns the Spear-Bearer, a journeyman DsWn of Makhleb (Lair:2)
  10 hydras
  8 naga warriors
  6 alligators
  7 anacondas
  Urug (Lair:5)
  3 death yaks (Lair:4)
  5 naga sharpshooters (Snake:3)
  9 orc high priests
  A shock serpent (Snake:3)
  3 salamander mystics
  2 spriggan druids (Swamp:3)
  An unseen horror (D:10)
  5 naga ritualists
  A removed MONS_HILL_GIANT (D:12)
  3 swamp dragons
  3 shambling mangroves
  An orc knight (Orc:1)
  2 oklob plants
  2 wolf spiders (Lair:6)
  5 mana vipers (Snake:3)
  An orc sorcerer (Orc:1)
  5 ugly things
  14 salamanders
  Maurice (D:9)
  6 guardian serpents
  9 naga magi
  33 black mambas
  2 ice statues (IceCv)
  22 spiny frogs
  4 centaur skeletons
  A rime drake (Lair:6)
  7 komodo dragons
  13 ice devils (IceCv)
  The ghost of DEFE the Covered, an amateur DgFi (D:6)
  5 tyrant leeches
  3 trolls
  6 bog bodies
  Prince Ribbit (D:8)
  9 hornets
  8 slime creatures
  7 hippogriffs
  18 blink frogs
  7 dream sheep (Lair:6)
  3 shadows
  A vampire (D:12)
  2 wraiths
  Sigmund (D:2)
  2 spriggans
  2 water elementals (D:12)
  5 basilisks
  13 wyverns
  38 yaks
  2 hungry ghosts
  4 fire bats (Lair:4)
  3 vampire mosquitoes (Lair:3)
  20 swamp worms
  32 nagas
  5 wargs
  11 insubstantial wisps
  2 soldier ants (D:8)
  24 water moccasins
  7 porcupines
  3 ice beasts
  25 orc warriors
  A sky beast (D:10)
  4 swamp drakes
  8 wolves
  9 ogres
  5 centaurs
  14 crocodiles
  A big kobold (D:8)
  2 gnoll sergeants
  15 bullfrogs
  3 scorpions
  A wyvern skeleton (D:7)
  A water moccasin skeleton (D:6)
  4 killer bees (D:10)
  3 wights (D:10)
  2 howler monkeys
  3 electric eels
  2 crimson imps
  A lava snake (Lair:4)
  A quasit (D:7)
  3 bullfrog zombies
  7 hounds
  5 bullfrog skeletons
  44 orc priests
  A jelly (D:11)
  Jessica (D:2)
  6 hell rats (Lair:6)
  An iguana (D:4)
  26 orc wizards
  7 worker ants
  A killer bee zombie (D:9)
  A hound zombie (D:5)
  2 hound skeletons
  12 gnolls
  14 adders
  3 shadow imps
  3 white imps (IceCv)
  8 ufetubi (IceCv)
  An adder zombie (D:7)
  5 adder skeletons
  5 worms
  A dart slug (D:4)
  2 leopard geckos
  94 orcs
  3 giant cockroaches
  14 goblins
  A hobgoblin (D:3)
  8 quokkas
  10 bats
  5 frilled lizards
  A jackal skeleton (D:5)
  15 kobolds
  A leopard gecko skeleton (D:8)
  A quokka skeleton (D:5)
  5 rats
  A fungus (Lair:3)
  12 plants
890 creatures vanquished.

Vanquished Creatures (collateral kills)
  A naga sharpshooter (Snake:3)
  A salamander (Snake:3)
  A naga mage (Snake:3)
  2 black mambas
  5 nagas
10 creatures vanquished.

Vanquished Creatures (others)
  3 white imps (IceCv)
  4 ufetubi (IceCv)
  15 fungi
  19 plants
41 creatures vanquished.

Grand Total: 941 creatures vanquished

Notes
Turn   | Place    | Note
-------+----------+-------------------------------------------
     0 | D:1      | nubinia the Deep Elf Conjurer began the quest for the Orb.
     0 | D:1      | Reached XP level 1. HP: 10/10 MP: 6/6
   677 | D:1      | Reached XP level 2. HP: 15/15 MP: 5/8
  1070 | D:2      | Found an iron altar of Okawaru.
  1191 | D:2      | Reached skill level 5 in Conjurations
  1277 | D:2      | Reached XP level 3. HP: 19/19 MP: 4/9
  1703 | D:2      | Noticed Sigmund
  2006 | D:2      | Noticed Jessica
  2010 | D:2      | Killed Jessica
  2010 | D:2      | Reached XP level 4. HP: 24/24 MP: 6/11
  2199 | D:3      | Learned a level 3 spell: Dazzling Spray
  2204 | D:3      | Learned a level 4 spell: Iskenderun's Mystic Blast
  2449 | D:3      | Reached skill level 4 in Spellcasting
  2533 | D:3      | Found a faded altar of an unknown god.
  2704 | D:3      | Reached XP level 5. HP: 13/28 MP: 7/13
  3346 | D:4      | Found Dahyseaf's Magic Scroll Shop.
  3390 | D:4      | Reached skill level 5 in Spellcasting
  3566 | D:4      | Learned a level 2 spell: Searing Ray
  3730 | D:4      | Reached XP level 6. HP: 32/32 MP: 10/15
  4064 | D:4      | Found a shattered altar of Ashenzari.
  4188 | D:4      | Bought a scroll of remove curse for 36 gold pieces
  4416 | D:4      | Reached skill level 6 in Spellcasting
  5263 | D:4      | Reached XP level 7. HP: 35/36 MP: 7/18
  5398 | D:5      | Entered Level 5 of the Dungeon
  5755 | D:5      | Reached skill level 7 in Spellcasting
  5929 | D:5      | Found Gebore's Assorted Antiques.
  6828 | D:6      | Found a staircase to the Ecumenical Temple.
  6833 | Temple   | Entered the Ecumenical Temple
  6866 | Temple   | Became a worshipper of Sif Muna the Loreminder
  7254 | D:6      | Learned a level 5 spell: Iskenderun's Battlesphere
  7303 | D:6      | Noticed DEFE's ghost (amateur DgFi)
  7487 | D:6      | Reached skill level 8 in Spellcasting
  8066 | D:6      | Reached XP level 8. HP: 40/42 MP: 2/22
  9087 | D:7      | Reached * piety under Sif Muna
  9087 | D:7      | Reached skill level 1 in Short Blades
  9087 | D:7      | Reached skill level 9 in Spellcasting
  9138 | D:7      | Found a snail-covered altar of Cheibriados.
  9139 | D:7      | Found an opulent altar of Gozag.
  9207 | D:7      | Found a basalt altar of Yredelemnul.
  9476 | D:7      | Noticed a hippogriff
  9485 | D:7      | Killed a hippogriff
  9921 | D:8      | Noticed Prince Ribbit
  9927 | D:7      | Reached skill level 10 in Spellcasting
 10130 | D:8      | Reached skill level 1 in Fighting
 10130 | D:8      | Reached skill level 10 in Conjurations
 10130 | D:8      | Reached XP level 9. HP: 31/47 MP: 9/25
 10217 | D:8      | Found a sacrificial altar of Ru.
 10258 | D:8      | Reached ** piety under Sif Muna
 10613 | D:8      | Killed Prince Ribbit
 10613 | D:8      | Reached skill level 11 in Spellcasting
 11684 | D:8      | Found Citin's Antique Weapon Shop.
 11692 | D:8      | Bought a glowing rapier for 240 gold pieces
 11693 | D:8      | Bought a runed dagger for 192 gold pieces
 11955 | D:2      | Killed Sigmund
 11955 | D:2      | Reached *** piety under Sif Muna
 11955 | D:2      | Reached skill level 1 in Throwing
 12088 | D:6      | Killed DEFE's ghost
 12088 | D:6      | Reached skill level 12 in Spellcasting
 12155 | D:9      | Reached XP level 10. HP: 52/52 MP: 10/28
 12195 | D:9      | Learned a level 2 spell: Shroud of Golubria
 12199 | D:9      | Learned a level 3 spell: Regeneration
 12965 | D:9      | Noticed Maurice
 12972 | D:9      | Killed Maurice
 13077 | D:9      | Noticed Erolcha
 13085 | D:9      | Killed Erolcha
 13085 | D:9      | Reached skill level 13 in Spellcasting
 13364 | D:10     | Entered Level 10 of the Dungeon
 13554 | D:10     | Reached **** piety under Sif Muna
 14231 | D:10     | Reached skill level 14 in Spellcasting
 14360 | D:10     | Noticed an unseen horror
 14364 | D:10     | Killed an unseen horror
 14364 | D:10     | Reached XP level 11. HP: 28/56 MP: 21/31
 14814 | D:10     | Reached ***** piety under Sif Muna
 14931 | D:11     | Reached skill level 5 in Stealth
 15209 | D:11     | Found Ofautedi's Armour Boutique.
 15241 | D:11     | Noticed a purple ugly thing
 15245 | D:11     | Killed a purple ugly thing
 15702 | D:11     | Found a staircase to the Lair.
 15745 | D:11     | Learned a level 7 spell: Orb of Destruction
 15855 | D:11     | Received a gift from Sif Muna
 15863 | D:11     | Learned a level 5 spell: Fireball
 15869 | D:11     | Learned a level 5 spell: Lightning Bolt
 15908 | D:11     | Reached skill level 15 in Spellcasting
 16387 | Lair:1   | Entered Level 1 of the Lair of Beasts
 16416 | D:11     | Bought a +1 helmet of intelligence for 247 gold pieces
 16496 | Lair:1   | Noticed a five-headed hydra
 16499 | Lair:1   | Killed a five-headed hydra
 17028 | Lair:1   | Reached skill level 16 in Spellcasting
 18012 | Lair:2   | Noticed tsouns's ghost (journeyman DsWn)
 18016 | Lair:2   | Killed tsouns's ghost
 18016 | Lair:2   | Reached XP level 12. HP: 61/61 MP: 19/34
 18261 | Lair:2   | Identified Sif Muna's Compendium of Earthen Black Arts (Sif Muna gifted it to you on level 2 of the Lair of Beasts)
 18261 | Lair:2   | Received a gift from Sif Muna
 18278 | Lair:2   | Reached skill level 5 in Dodging
 18324 | Lair:2   | Reached skill level 17 in Spellcasting
 18518 | Lair:2   | Learned a level 4 spell: Sticky Flame
 18669 | Lair:2   | Found a staircase to the Snake Pit.
 19213 | Lair:3   | Found a staircase to the Swamp.
 19917 | Lair:3   | Found a deep blue altar of Sif Muna.
 20626 | Lair:4   | Reached skill level 18 in Spellcasting
 20762 | Lair:4   | Noticed a death yak
 20764 | Lair:4   | Noticed a death yak
 20764 | Lair:4   | Noticed a death yak
 20774 | Lair:4   | Killed a death yak
 20774 | Lair:4   | Reached skill level 15 in Conjurations
 20792 | Lair:4   | Killed a death yak
 21035 | Lair:4   | Noticed a seven-headed hydra
 21045 | Lair:4   | Killed a seven-headed hydra
 21305 | Lair:4   | Identified Sif Muna's Disquisition on Changing and Calling (Sif Muna gifted it to you on level 4 of the Lair of Beasts)
 21305 | Lair:4   | Received a gift from Sif Muna
 21447 | Lair:4   | Killed a death yak
 21447 | Lair:4   | Reached XP level 13. HP: 65/65 MP: 21/37
 21863 | Lair:5   | Noticed Urug
 21880 | Lair:5   | Killed Urug
 22037 | Lair:5   | Got a fine spear
 22038 | Lair:5   | Identified the +3 spear "Perrim" {venom, rElec} (You found it on level 5 of the Lair of Beasts)
 22425 | Lair:5   | Reached skill level 19 in Spellcasting
 22805 | Lair:3   | Learned a level 5 spell: Lee's Rapid Deconstruction
 23214 | Lair:6   | Entered Level 6 of the Lair of Beasts
 24173 | Lair:6   | Got an encrusted hunting sling
 24174 | Lair:6   | Identified the +9 hunting sling "Ziwk" {velocity, Str+6 Int+3} (You found it on level 6 of the Lair of Beasts)
 24701 | Lair:6   | Reached skill level 20 in Spellcasting
 24792 | Lair:6   | Found a staircase to the Slime Pits.
 24793 | Lair:6   | Found a viscous altar of Jiyva.
 24819 | Lair:6   | Identified Iskenderun's Disquisition on Attacks (Sif Muna gifted it to you on level 6 of the Lair of Beasts)
 24819 | Lair:6   | Received a gift from Sif Muna
 24849 | Lair:6   | Learned a level 5 spell: Bolt of Draining
 25965 | Lair:6   | Reached XP level 14. HP: 70/70 MP: 5/40
 27204 | D:12     | Noticed a fire giant
 27765 | D:12     | Found a staircase to the Orcish Mines.
 27893 | Orc:1    | Entered Level 1 of the Orcish Mines
 27898 | Orc:1    | Identified Sif Muna's Papyrus of the Freezing Entourage (Sif Muna gifted it to you on level 1 of the Orcish Mines)
 27898 | Orc:1    | Received a gift from Sif Muna
 27944 | Orc:1    | Reached skill level 21 in Spellcasting
 28988 | Orc:2    | Entered Level 2 of the Orcish Mines
 29469 | Orc:2    | Noticed Rupert
 29472 | Orc:2    | Killed Rupert
 29983 | Orc:2    | Found Ryduopt's Distillery.
 30071 | Orc:2    | Found a roughly hewn altar of Beogh.
 30210 | Orc:2    | Found Jitove Osku's Antique Weapon Boutique.
 30215 | Orc:2    | Found Nulo's General Store.
 30705 | Orc:2    | Found Qeacs's Book Shoppe.
 30705 | Orc:2    | Found Rekk's Armour Boutique.
 30851 | Orc:2    | Identified Sif Muna's Guide on Icy Evil Secrets (Sif Muna gifted it to you on level 2 of the Orcish Mines)
 30851 | Orc:2    | Received a gift from Sif Muna
 30915 | Orc:2    | Found a staircase to the Elven Halls.
 31115 | Orc:2    | Bought the +10 hand axe "Hell-Harrower" {speed, rC+ rN++} for 1252 gold pieces
 31342 | D:5      | Got a faintly humming ring mail
 31353 | D:5      | Identified the cursed +0 ring mail of the Thirteen Realms {*Drain rElec Str+8 Dex+9} (You found it on level 5 of the Dungeon)
 31386 | D:5      | Bought a glowing leather armour for 216 gold pieces
 31386 | D:5      | Bought a warped ring mail for 243 gold pieces
 31411 | D:5      | Identified the +5 ring mail of Vehumet's Regard {rPois rF+} (You bought it in a shop on level 5 of the Dungeon)
 31618 | Swamp:1  | Entered Level 1 of the Swamp
 31838 | Swamp:1  | Got a slimy steel ring
 31839 | Swamp:1  | Identified the ring "Poan" {Wiz rElec rN+ MR+} (You found it on level 1 of the Swamp)
 32263 | Swamp:1  | Reached skill level 22 in Spellcasting
 32834 | Swamp:2  | Found a frozen archway.
 32973 | IceCv    | Entered an ice cave
 33329 | IceCv    | Got a faintly humming hat
 33340 | IceCv    | Identified the +2 hat "Rilet" {rF- rN++ Int+3} (You found it in an ice cave)
 33776 | IceCv    | Noticed an Ice Fiend
 33885 | IceCv    | Killed an Ice Fiend
 33885 | IceCv    | Reached XP level 15. HP: 33/75 MP: 13/43
 33886 | IceCv    | Noticed an Ice Fiend
 34249 | IceCv    | Killed an Ice Fiend
 34665 | Swamp:2  | Reached skill level 1 in Armour
 35827 | Swamp:3  | Noticed a thorn hunter
 35831 | Swamp:3  | Killed a thorn hunter
 35831 | Swamp:3  | Received a gift from Sif Muna
 35831 | Swamp:3  | Reached skill level 1 in Invocations
 35838 | Swamp:3  | Noticed a thorn hunter
 35843 | Swamp:3  | Killed a thorn hunter
 36158 | Swamp:3  | Learned a level 2 spell: Repel Missiles
 36282 | Swamp:3  | Reached skill level 23 in Spellcasting
 36597 | Swamp:3  | Learned a level 2 spell: Blink
 38127 | Snake:1  | Entered Level 1 of the Snake Pit
 38372 | Snake:1  | Identified Sif Muna's Volume of Confrontation (Sif Muna gifted it to you on level 1 of the Snake Pit)
 38372 | Snake:1  | Received a gift from Sif Muna
 38378 | Snake:1  | Learned a level 4 spell: Force Lance
 38433 | Snake:1  | Got a twitching ivory ring
 38435 | Snake:1  | Identified the ring "Fineff" {MR+ Str+3 Dex+3 Stlth-} (You found it on level 1 of the Snake Pit)
 39124 | Snake:2  | Reached XP level 16. HP: 80/80 MP: 23/45
 39378 | Snake:2  | Reached ****** piety under Sif Muna
 39416 | Snake:2  | Noticed Roxanne
 39422 | Snake:2  | Killed Roxanne
 39556 | Snake:2  | Identified Roxanne's Handbook of the Rocks (You took it off Roxanne on level 2 of the Snake Pit)
 39903 | Snake:2  | Reached skill level 24 in Spellcasting
 40633 | Snake:2  | Learned a level 4 spell: Animate Dead
 41599 | Snake:3  | Reached skill level 1 in Shields
 41671 | Snake:3  | Identified Sif Muna's Incunabulum of Confrontation (Sif Muna gifted it to you on level 3 of the Snake Pit)
 41671 | Snake:3  | Received a gift from Sif Muna
 42615 | Snake:2  | Upgraded the game from 0.20-a0-277-g7db01f4 to 0.20-a0-296-gf222164
 43558 | Snake:4  | Entered Level 4 of the Snake Pit
 44266 | Snake:3  | Reached skill level 25 in Spellcasting
 44462 | Snake:4  | Noticed Vashnia
 44467 | Snake:4  | Shot with a bolt by Vashnia

Vault maps used:
D:1:      grunt_arrival_crossed_arrows, minmay_misc_feat_doors,
          minmay_misc_feat_tiny, fountainhead
D:2:      marbit_many_paths, first_bread, uniq_sigmund, uniq_jessica
D:3:      chequers_ecumenical_altar_simple
D:4:      kennysheep_mini_moat, serial_shops, nicolae_shop_waterfront
D:5:      serial_shops, shop
D:6:      minmay_misc_feat_cross
D:7:      grunt_temple_overflow_open
D:8:      serial_shops, shop, hangedman_pestilent_swarm, serial_bayou_pond_a,
          minmay_statues_item, nicolae_ru_path_of_blood, uniq_prince_ribbit1
D:9:      uniq_maurice, uniq_erolcha
D:11:     david_lair_shrubbed, serial_shops, kennysheep_mini
D:12:     minmay_connected_boxes_in_corner, david_orc_4
Temple:   regret_index_temple_sphere_string
Lair:1:   wad_woods_structure_01
Lair:2:   minmay_snake_entry_guardpost_small
Lair:3:   statuecave_lemuel, minmay_swamp_entry_swarm, lemuel_oklob_altar
Lair:4:   serial_bayou_crossing, grunt_megastairs_1, serial_bayou_shore_a,
          serial_bayou_shore_b
Lair:5:   minmay_lair_oklob_tunnel, uniq_urug
Lair:6:   hangedman_lair_tendril_chambers, slime_altar_1
Swamp:1:  evilmike_swamp_ruin_rubble_2, swamp_pool5, infiniplex_staircase_pool
Swamp:2:  portal_ice_cave_entry_pillars_three, nicolae_swamp_rocky_clearing
Swamp:3:  serial_swamp_ruin, evilmike_swamp_ruin_house_4,
          hangedman_swamp_ruin_wall
Snake:1:  fake_guardian_serpent_vault
Snake:2:  library_closet, grunt_megastairs_2, uniq_roxanne
Snake:3:  nrook_guardian_serpent_double
Snake:4:  minmay_snake_end_coiled, grunt_ministairs_1,
          nicolae_snake_linked_coils, uniq_donald, uniq_vashnia, uniq_asterion
Orc:2:    st_orc_town, serial_shops, shop, nicolae_orc_stony_grotto, uniq_rupert
IceCv:    ice_cave_small_demon

Skill      XL: |  1  2  3  4  5  6  7  8  9 10 11 12 13 14 15 16 |
---------------+-------------------------------------------------+-----
Conjurations   | 5 6 7 8 10 11 12 13 15 16 18 19 20 | 20.2
Stealth        | 3 4 5 6 7 |  7.3
Spellcasting   | 4 5 6 8 10 12 14 16 18 20 22 23 25 | 25.0
Dodging        | 3 4 5 |  5.8
Short Blades   | 1 |  1.8
Fighting       | 1 2 |  2.3
Throwing       | 1 |  1.7
Armour         | 2 |  2.8
Invocations    | 1 |  1.5
Shields        | 1 |  1.3
Axes           | |  0.5
Earth Magic    | |  0.4
Evocations     | |  0.4

Action                   |  1- 3 |  4- 6 |  7- 9 | 10-12 | 13-15 | 16-18 || total
-------------------------+-------+-------+-------+-------+-------+-------++-------
Melee: Dagger            |     8 |       |    12 |    58 |    72 |       ||   150
       Short sword       |       |     3 |       |       |       |    33 ||    36
       Rapier            |       |     5 |     4 |       |       |       ||     9
       Staff             |       |       |       |       |     5 |       ||     5
       Hand axe          |       |       |       |       |     9 |     5 ||    14
 Fire: Blowgun           |       |       |     4 |     2 |       |       ||     6
 Cast: Magic Dart        |    57 |   143 |   207 |   283 |   533 |   108 ||  1331
       Dazzling Spray    |       |     3 |       |    41 |   114 |     4 ||   162
       Searing Ray       |       |    22 |   118 |    28 |       |       ||   168
       Iskenderun's Myst |       |       |    10 |    41 |   203 |    63 ||   317
       Iskenderun's Batt |       |       |    14 |   114 |   240 |    65 ||   433
       Fireball          |       |       |       |     8 |    50 |     5 ||    63
       Sticky Flame      |       |       |       |     3 |    18 |     9 ||    30
       Lee's Rapid Decon |       |       |       |       |    16 |     5 ||    21
       Bolt of Draining  |       |       |       |       |    17 |    25 ||    42
       Orb of Destructio |       |       |       |       |     1 |       ||     1
       Shroud of Golubri |       |       |       |       |     8 |     8 ||    16
       Force Lance       |       |       |       |       |     4 |    43 ||    47
       Regeneration      |       |       |       |       |     3 |     1 ||     4
       Repel Missiles    |       |       |       |       |     2 |       ||     2
       Animate Dead      |       |       |       |       |       |    13 ||    13
Invok: Divine Energy     |       |       |     1 |       |       |       ||     1
       Channel Magic     |       |       |       |       |     4 |     1 ||     5
Evoke: Lamp of fire      |       |       |       |     1 |     2 |       ||     3
       Wand              |       |       |       |       |     2 |     2 ||     4
  Use: Scroll            |     3 |     5 |     7 |    18 |    19 |    12 ||    64
       Potion            |       |       |       |     2 |     3 |     1 ||     6
 Stab: Sleeping          |     1 |     3 |     1 |     5 |     6 |     2 ||    18
       Invisible         |       |       |       |     3 |     6 |       ||     9
       Distracted        |       |       |       |       |     2 |     1 ||     3
  Eat: Chunk             |     3 |     9 |    19 |    30 |    38 |     5 ||   104
       Pizza             |       |       |     3 |     1 |       |       ||     4
       Royal jelly       |       |       |       |     1 |       |       ||     1
       Fruit             |       |       |       |     1 |     6 |     1 ||     8
       Bread ration      |       |       |       |       |     2 |     2 ||     4
       Meat ration       |       |       |       |       |     1 |       ||     1
Armor: Robe              |     2 |     8 |    26 |     9 |    17 |       ||    62
       Leather armour    |       |       |       |       |    21 |    21 ||    42
Dodge: Dodged            |    11 |    35 |   135 |    76 |   109 |    84 ||   450
       Deflected         |       |       |       |       |     3 |    15 ||    18
Block: Buckler           |       |       |       |       |    13 |    23 ||    36
